 Dungeon Crawl Stone Soup version 0.18-b1-14-g029dad2 (webtiles) character file.

123 Nekros the Covert (level 4, -2/33 HPs)
             Began as a Vampire Assassin on Apr 30, 2016.
             Slain by a worker ant (5 damage)
             ... on level 4 of the Dungeon.
             The game lasted 00:27:39 (3409 turns).

Nekros the Covert (Vampire Assassin)                Turns: 3409, Time: 00:27:39

Health: -2/33      AC:  4    Str: 10    XL:     4   Next: 79%
Magic:  4/4        EV: 12    Int: 13    God:
Gold:   109        SH:  0    Dex: 16    Spells: 0 memorised, 3 levels left

rFire  . . .     SeeInvis +     a - +2 dagger
rCold  + . .     Gourm    .     c - +0 robe
rNeg   + + .     Faith    .     (no shield)
rPois  +         Spirit   .     (no helmet)
rElec  .         Dismiss  .     d - +0 cloak
rCorr  .         Reflect  .     (no gloves)
SustAt .         Harm     .     p - +0 pair of boots
MR     .....                    (no amulet)
Stlth  +++++.....               (no ring)
                                (no ring)

@: regenerating slowly, not resistant to hostile enchantments, quite stealthy
A: fangs 3, see invisible, unbreathing
a: Bat Form


You were on level 4 of the Dungeon.
You were thirsty.

You visited 1 branch of the dungeon, and saw 4 of its levels.

You collected 109 gold pieces.

Inventory:

Hand Weapons
 a - a +2 dagger (weapon)
 b - a +0 blowgun
Missiles
 e - 21 poisoned needles
 f - 2 curare-tipped needles
Armour
 c - a +0 robe (worn)
 d - a +0 cloak (worn)
 p - a +0 pair of boots (worn)
Jewellery
 l - a +4 ring of protection {unknown}
 o - an uncursed ring of sustain attributes {unknown}
Wands
 j - a wand of polymorph (13/24)
 m - a wand of flame (19/48)
Scrolls
 h - a scroll of enchant weapon {unknown}
 n - a scroll of identify
Potions
 g - 7 potions of blood
 i - a potion of lignification
 k - a potion of invisibility {unknown}
 q - a potion of brilliance {unknown}
 r - a potion of berserk rage


   Skills:
 - Level 1.7 Fighting
 - Level 2.1 Short Blades
 - Level 1.5 Throwing
 - Level 1.1 Dodging
 * Level 9.4 Stealth


You had 3 spell levels left.
You didn't know any spells.

Dungeon Overview and Level Annotations

Branches:
Dungeon (4/15)
 Temple: D:4-7

Altars:
Makhleb
Pakellas

Shops:
D:4 [

Portals:
Sewer: D:4


Innate Abilities, Weirdness & Mutations

You heal slowly.
You have razor-sharp teeth.
You have supernaturally acute eyesight.
You can survive without breathing.


Message History

The worker ant twitches its antennae in your direction.
You start resting.
Firing (i - inventory. (,) - cycle):
e - 22 poisoned needles (quivered)
Press: ? - help, Shift-Dir - straight line, f/p - worker ant
Aim: a worker ant (lightly wounded, poisoned)
You shoot a poisoned needle.
The poisoned needle hits the worker ant.
The worker ant looks even sicker.
The worker ant is lightly wounded.
Wield which item (- for none, * to show all)? (? for menu, Esc to quit)
a - a +2 dagger (weapon)
You hit the worker ant but do no damage.
The worker ant is severely wounded.
The worker ant bites you.
* * * LOW HITPOINT WARNING * * *
You hit the worker ant.
You bite the worker ant, but do no damage.
The worker ant is almost dead.
The worker ant bites you.
You die...

#..... ..!....#
#.)#.######$.....#
#.p#.#....#(.....# #
#..#.#.#.##..... .
#..#.#.#(.#..)
######..#.#.#..#.####
..#......p#.#..(....#
.........#..#..#a##.#
.#######.##.#..#@#
.#≈≈≈≈S#.......#.#
.+≈s∩≈r#.#######.#
.#Sr≈≈s#.. #.#
.#≈≈≈r≈#.# #.#
.#######.# #.#
.........# ...
##......# ...
#......# ...


You could see a worker ant.

Vanquished Creatures
  A slave (D:4)
  Ijyb (D:2)
  3 adders
  2 worms (D:2)
  3 dart slugs
  4 giant geckos
  3 orcs (D:3)
  3 ball pythons (D:1)
  3 giant cockroaches
  7 goblins
  6 hobgoblins
  A quokka (D:3)
  5 bats
  3 giant newts (D:1)
  3 kobolds
  7 rats
55 creatures vanquished.

Notes
Turn   | Place    | Note
--------------------------------------------------------------
     0 | D:1      | Nekros the Vampire Assassin began the quest for the Orb.
     0 | D:1      | Reached XP level 1. HP: 16/16 MP: 1/1
    16 | D:1      | Reached skill level 6 in Stealth
   132 | D:1      | Reached XP level 2. HP: 22/22 MP: 2/2
   198 | D:1      | Reached skill level 7 in Stealth
   426 | D:1      | Reached XP level 3. HP: 27/27 MP: 3/3
   962 | D:2      | Noticed Ijyb
   966 | D:2      | Killed Ijyb
   966 | D:2      | Reached skill level 8 in Stealth
   999 | D:2      | Reached XP level 4. HP: 25/33 MP: 4/4
  1193 | D:2      | Found a burning altar of Makhleb.
  1348 | D:2      | Found an oddly glowing altar of Pakellas.
  1443 | D:2      | Reached skill level 9 in Stealth
  3338 | D:4      | Found Veif's Antique Armour Shoppe.
  3345 | D:4      | Found a glowing drain.
  3357 | D:4      | Noticed a slave
  3363 | D:4      | Noticed a slave
  3398 | D:4      | Killed a slave
  3409 | D:4      | Slain by a worker ant

Skill      XL: |  1  2  3  4 |
---------------+-------------+-----
Stealth        | 6 7 8 9 |  9.4
Fighting       | |  1.7
Short Blades   | |  2.1
Throwing       | |  1.5
Dodging        | |  1.1

Action                   |  1- 3 |  4- 6 || total
-------------------------+-------+-------++-------
Melee: Dagger            |    79 |   256 ||   335
       Bite              |    11 |    16 ||    27
 Fire: Blowgun           |     4 |    15 ||    19
 Abil: End Transformatio |       |     1 ||     1
       Bat Form          |       |     1 ||     1
Evoke: Wand              |       |     1 ||     1
  Use: Scroll            |       |     8 ||     8
       Potion            |       |     6 ||     6
 Stab: Sleeping          |     8 |    11 ||    19
Armor: Robe              |    14 |    50 ||    64
Dodge: Dodged            |    50 |   123 ||   173
